 Dungeon Crawl Stone Soup version 0.28-a0-465-ge2dae52223 (webtiles) character file.

Game seed: 3394565678324092520

3 willcat the Sneak (level 1, -1/16 HPs)
             Began as an Octopode Delver on Sept 15, 2021.
             Slain by a scorpion (5 damage)
             ... on level 5 of the Dungeon.
             The game lasted 00:00:18 (116 turns).

willcat the Sneak (Octopode Delver)                  Turns: 116, Time: 00:00:19

Health: -1/16      AC:  1    Str: 11    XL:     1   Next: 50%
Magic:  1/1        EV: 13    Int: 12    God:
Gold:   25         SH:  0    Dex: 13    Spells: 0/0 levels left

rFire   . . .      SeeInvis .   a - +0 short sword
rCold   . . .      Faith    .   (no shield)
rNeg    . . .      Spirit   .   (helmet restricted)
rPois   .          Reflect  .   (no amulet)
rElec   .          Harm     .   (no ring)
rCorr   .          Rampage  .   (no ring)
Will    .....                   (no ring)
Stlth   ++++......              (no ring)
HPRegen 0.05/turn               (no ring)
MPRegen 0.07/turn               (no ring)
                                (no ring)
                                (no ring)

@: lethally poisoned (-1 -> -16)
A: almost no armour, amphibious, 8 rings, camouflage 1, gelatinous body 1,
(nimble swimmer 1), tentacles
a: no special abilities


You were on level 5 of the Dungeon.
You visited 1 branch of the dungeon, and saw 1 of its levels.

You collected 25 gold pieces.

Inventory:

Hand Weapons
 a - a +0 short sword (weapon)
Wands
 f - a wand of digging (3)
Scrolls
 b - a scroll of fog
 c - a scroll of magic mapping
 d - a scroll of fear
 g - a scroll of acquirement {unknown}
 h - a scroll of enchant armour {unknown}
Potions
 e - a potion of haste


   Skills:
 - Level 3.0 Fighting
 + Level 2.1 Short Blades
 + Level 2.1 Dodging
 + Level 6.7 Stealth


You couldn't memorise any spells.
You didn't know any spells.
Your spell library was empty.

Dungeon Overview and Level Annotations

Branches:
Dungeon (5/15)
 Temple: D:4-7

Altars:


Innate Abilities, Weirdness & Mutations

You cannot wear most types of armour.
You are amphibious.
You can wear up to eight rings at the same time.
Your skin changes colour to match your surroundings (Stealth+).
Your rubbery body absorbs attacks. (AC +1, EV +1)
((You are camouflaged near water. (Stealth+)))
You have tentacles for arms and can constrict up to eight enemies at once.


Message History

An adder zombie comes into view.
An adder zombie is nearby!
An adder zombie is nearby!
A scorpion comes into view.
You see here a scroll labelled PITOCU LOTTO.
h - a scroll labelled PITOCU LOTTO
There is a stone staircase leading down here.
You barely miss the scorpion. You grab the scorpion.
You squeeze the scorpion, but do no damage.
You constrict the scorpion, but do no damage.
The scorpion completely misses you.
You hit the scorpion.
The scorpion is moderately wounded.
You constrict the scorpion, but do no damage.
The scorpion barely misses you.
Unknown command.
You hit the scorpion.
The scorpion is moderately wounded.
You constrict the scorpion. The scorpion closely misses you.
Unknown command.
You barely miss the scorpion.
The scorpion is moderately wounded.
You constrict the scorpion. The scorpion stings you.
You are lethally poisoned!
The scorpion poisons you!
Unknown command.
You hit the scorpion.
The scorpion is severely wounded.
You constrict the scorpion.
You feel very sick. The scorpion stings you.
You are more poisoned.
The scorpion poisons you! The scorpion barely misses you.
You hit the scorpion but do no damage.
The scorpion is almost dead.
You constrict the scorpion, but do no damage.
* * * LOW HITPOINT WARNING * * *
You feel very sick. The scorpion stings you.
You die...

#.....###...........
#...................
##..................
##.........####....
#.........# ....
##.......## ...
#.......# ..
#......s# ##.....@#
#......# ##.....#
##....# #....#
##...# #...# ##...


You could see a scorpion.

Vanquished Creatures
  An adder skeleton (D:5)
1 creature vanquished.

Notes
Turn   | Place    | Note
-------+----------+-------------------------------------------
     0 | D:5      | willcat the Octopode Delver began the quest for the Orb.
     0 | D:5      | Reached XP level 1. HP: 16/16 MP: 1/1
    88 | D:5      | Noticed a scorpion
   116 | D:5      | Slain by a scorpion

Illustrated notes

Levels and vault maps discovered:
D:5:      layout_layer_cave, nicolae_ru_awakened_eye

Action                   || total
-------------------------++-------
Melee: Short sword       ||     9
       Constrict         ||     2
       Tentacles         ||     1
Dodge: Dodged            ||     5

Table legend: (Time is in decaauts)
 A = Elapsed time spent in this place.
 B = Non-inter-level travel time spent in this place.
 C = Inter-level travel time spent in this place.
 D = Time resting spent in this place.
 E = Time spent auto-exploring this place.
 F = Levels seen in this place.
 G = Mean time per level.
                   A        B        C        D        E       F      G
               +--------+--------+--------+--------+--------+-----+--------+
         Total |    116 |    116 |      0 |      0 |     68 |   1 |  116.0 |
       Dungeon |    116 |    116 |      0 |      0 |     68 |   1 |  116.0 |
               +--------+--------+--------+--------+--------+-----+--------+

Top non-repeatable levels by time:
     D:5: 116 daAuts
